 Dungeon Crawl Stone Soup version 0.20.1-1-g8b1a95d (webtiles) character file.

959 digijack the Caller (level 8, -5/41 HPs)
             Began as a Tengu Summoner on Dec 8, 2017.
             Slain by a bullfrog (7 damage)
             ... on level 6 of the Dungeon on Dec 9, 2017.
             The game lasted 00:50:26 (7572 turns).

digijack the Caller (Tengu Summoner)                Turns: 7572, Time: 00:50:27

Health: -5/41      AC:  3    Str:  9    XL:     8   Next: 14%
Magic:  6/15       EV: 15    Int: 17    God:
Gold:   298        SH:  0    Dex: 15    Spells: 6/15 levels left

rFire    . . .     SeeInvis .   e - +2 short sword (drain)
rCold    . . .     Gourm    .   (no shield)
rNeg     . . .     Faith    .   a - +1 robe
rPois    .         Spirit   .   (helmet restricted)
rElec    +         Reflect  .   (no cloak)
rCorr    .         Harm     .   (no gloves)
MR       .....     Clarity  +   (boots unavailable)
Stlth    +++.......             (no amulet)
Regen    0.2/turn               (no ring)
MPRegen  0.2/turn               (no ring)

@: no status effects
A: beak, talons 3, clarity, electricity resistance, able to fly 1
a: Fly


You were on level 6 of the Dungeon.
You were not hungry.

You visited 1 branch of the dungeon, and saw 6 of its levels.

You collected 298 gold pieces.

Inventory:

Hand Weapons
 e - a +2 short sword of draining (weapon)
Armour
 a - a +1 robe (worn)
Scrolls
 d - 5 scrolls of identify
 j - 2 scrolls of amnesia
 k - a scroll of fear
 l - 2 scrolls of teleportation
Potions
 h - a potion of brilliance
 m - a potion of curing
Books
 b - a book of Callings

   Spells                             Type                      Level
   a - Summon Small Mammal            Summoning                    1
   b - Call Imp                       Summoning                    2
   c - Call Canine Familiar           Summoning                    3
   d - Summon Guardian Golem          Hexes/Summoning              3
   e - Summon Lightning Spire         Summoning/Air                4
   f - Summon Ice Beast               Ice/Summoning                4
Comestibles
 c - 2 bread rations
 f - 3 royal jellies
 i - a meat ration


   Skills:
 + Level 3.7 Short Blades
 + Level 4.7 Dodging
 + Level 4.5 Stealth
 * Level 4.2 Spellcasting
 * Level 7.4 Summonings


You had 6 spell levels left.
You knew the following spells:

 Your Spells              Type           Power        Failure   Level  Hunger
a - Call Canine Familiar  Summ           ####....     2%          3    ###....
b - Call Imp              Summ           ####....     1%          2    ##.....
c - Summon Ice Beast      Ice/Summ       ###.....     32%         4    ####...


Dungeon Overview and Level Annotations

Branches:
Dungeon (6/15)             Temple (0/1) D:4

Altars:

Shops:
D:4 ?


Innate Abilities, Weirdness & Mutations

You have a beak for a mouth.
You have claws for feet.
You can fly.
You possess an exceptional clarity of mind.
You are resistant to electric shocks. (rElec)


Message History

The gnoll shouts! 4 jackals, a bullfrog and a gnoll come into view.
The jackal barks!
The jackal barks!
The jackal barks!
The gnoll shouts!
The jackal bites you.
* * * LOW HITPOINT WARNING * * *
The bullfrog croaks.
You hit the jackal. Your peck misses the jackal.
The jackal is almost dead.
The jackal bites you but does no damage.
You barely miss the jackal. Your kick misses the jackal.
The jackal is almost dead.
The jackal bites you.
* * * LOW HITPOINT WARNING * * *
The jackal closely misses you.
You hear the slow rusting of a very distant drain.
The bullfrog hits you!
You die...

###...### ###.......#
.........#
###########.......####
......................
≈≈≈≈≈≈≈≈≈≈≈≈≈....≈≈≈F≈
≈≈≈≈≈≈≈≈≈≈≈≈≈....≈≈≈≈≈
#≈≈≈≈≈≈≈≈gh≈≈....≈≈≈≈≈
#......@Fhgh..........
#############++++#####


You could see a bullfrog, 2 gnolls and 3 jackals.

Vanquished Creatures
  An ogre (D:3)
  A crimson imp (D:5)
  A gnoll shaman (D:5)
  An orc priest (D:5)
  A centaur skeleton (D:5)
  2 orc wizards (D:5)
  A worker ant (D:5)
  6 gnolls
  3 adders
  A shadow imp (D:5)
  An ooze (D:4)
  An adder zombie (D:6)
  7 dart slugs (D:3)
  A leopard gecko (D:3)
  9 orcs
  A ball python (D:5)
  A bat (D:2)
  A goblin (D:3)
  A jackal (D:1)
  2 frilled lizards
  2 leopard gecko skeletons
  3 rats
48 creatures vanquished.

Vanquished Creatures (collateral kills)
  Grinder (D:5)
  Sigmund (D:5)
  A phantom (D:4)
  An ogre (D:4)
  A jelly (D:5)
  2 orc priests
  4 orc wizards
  An iguana (D:4)
  Jessica (D:3)
  A bullfrog skeleton (D:4)
  4 gnolls
  7 adders
  An ooze (D:3)
  7 dart slugs
  A leopard gecko (D:2)
  19 orcs
  10 bats
  4 giant cockroaches
  5 goblins
  4 hobgoblins
  4 jackals
  8 kobolds
  A quokka (D:5)
  A frilled lizard (D:1)
  A leopard gecko skeleton (D:4)
  A quokka zombie (D:5)
  2 rats
94 creatures vanquished.

Grand Total: 142 creatures vanquished

Notes
Turn   | Place    | Note
-------+----------+-------------------------------------------
     0 | D:1      | digijack the Tengu Summoner began the quest for the Orb.
     0 | D:1      | Reached XP level 1. HP: 10/10 MP: 4/4
   495 | D:1      | Reached skill level 5 in Summonings
   574 | D:1      | Reached XP level 2. HP: 7/15 MP: 0/6
   914 | D:1      | Learned a level 2 spell: Call Imp
  1734 | D:2      | Reached XP level 3. HP: 19/19 MP: 0/7
  1932 | D:2      | Reached skill level 1 in Short Blades
  1999 | D:2      | Gained mutation: You occasionally shout uncontrollably at your foes. [potion of mutation]
  1999 | D:2      | Gained mutation: You are partially covered in thin metallic scales. (AC +2) [potion of mutation]
  2000 | D:2      | Lost mutation: You occasionally shout uncontrollably at your foes. [potion of mutation]
  2000 | D:2      | Lost mutation: You are partially covered in thin metallic scales. (AC +2) [potion of mutation]
  2000 | D:2      | Gained mutation: You are frail. (-10% HP) [potion of mutation]
  2000 | D:2      | Gained mutation: You are agile. (Dex +2) [potion of mutation]
  2000 | D:2      | Gained mutation: You have sharp fingernails. [potion of mutation]
  2251 | D:2      | Lost mutation: You have sharp fingernails. [potion of mutation]
  2251 | D:2      | Lost mutation: You are frail. (-10% HP) [potion of mutation]
  2251 | D:2      | Lost mutation: You are agile. (Dex +2) [potion of mutation]
  2251 | D:2      | Gained mutation: You are weak. (Str -2) [potion of mutation]
  2251 | D:2      | Gained mutation: You have sharp fingernails. [potion of mutation]
  2485 | D:2      | Lost mutation: You have sharp fingernails. [potion of mutation]
  2485 | D:2      | Lost mutation: You are weak. (Str -2) [potion of mutation]
  2485 | D:2      | Gained mutation: You possess an exceptional clarity of mind. [potion of mutation]
  2485 | D:2      | Gained mutation: You are resistant to electric shocks. (rElec) [potion of mutation]
  3045 | D:3      | Reached XP level 4. HP: 22/24 MP: 1/8
  3119 | D:3      | Learned a level 4 spell: Summon Ice Beast
  3246 | D:3      | Noticed Jessica
  3250 | D:3      | Killed Jessica
  3250 | D:3      | Gained mutation: You can fly. [Tengu growth]
  3250 | D:3      | Reached XP level 5. HP: 23/28 MP: 1/9
  3808 | D:3      | Learned a level 3 spell: Call Canine Familiar
  4318 | D:3      | Noticed an ogre
  4330 | D:3      | Killed an ogre
  4330 | D:3      | Reached XP level 6. HP: 32/32 MP: 0/11
  4732 | D:4      | Reached skill level 6 in Summonings
  4933 | D:4      | Noticed a phantom
  4953 | D:4      | Found Niskual's Magic Scroll Emporium.
  4968 | D:4      | Killed a phantom
  5076 | D:4      | Found a staircase to the Ecumenical Temple.
  5565 | D:5      | Entered Level 5 of the Dungeon
  5574 | D:5      | Reached XP level 7. HP: 36/36 MP: 3/13
  5932 | D:5      | Noticed Grinder
  5942 | D:5      | Paralysed by Grinder for 7 turns
  6035 | D:5      | Killed Grinder
  6390 | D:5      | Reached skill level 7 in Summonings
  6810 | D:5      | Noticed Sigmund
  6826 | D:5      | Killed Sigmund
  6826 | D:5      | Reached XP level 8. HP: 41/41 MP: 3/15
  7559 | D:6      | HP: 2/41 [something (1)]
  7568 | D:6      | HP: 2/41 [jackal (1)]
  7572 | D:6      | Slain by a bullfrog

Skill      XL: |  1  2  3  4  5  6  7 |
---------------+----------------------+-----
Summonings     | 5 6 7 |  7.4
Short Blades   | 1 2 3 |  3.7
Dodging        | 3 4 |  4.7
Stealth        | 3 4 |  4.5
Spellcasting   | 3 4 |  4.2

Action                   |  1- 3 |  4- 6 |  7- 9 || total
-------------------------+-------+-------+-------++-------
Melee: Unarmed           |     3 |       |       ||     3
       Peck              |     1 |     9 |    13 ||    23
       Short sword       |    15 |    58 |    73 ||   146
       Kick              |     2 |    13 |    20 ||    35
 Cast: Summon Small Mamm |    53 |       |       ||    53
       Call Imp          |    49 |    74 |    60 ||   183
       Call Canine Famil |       |     5 |     8 ||    13
  Use: Scroll            |     4 |     7 |     2 ||    13
       Potion            |     7 |     5 |       ||    12
 Stab: Distracted        |       |     4 |       ||     4
       Sleeping          |       |     2 |     3 ||     5
  Eat: Chunk             |    10 |     7 |     6 ||    23
       Fruit             |     1 |     1 |       ||     2
       Meat ration       |       |     1 |     1 ||     2
Armor: Robe              |    16 |     8 |     5 ||    29
Dodge: Dodged            |    45 |    37 |    57 ||   139
